[Event "*** Titled Tuesday 3|2 Blitz"]
[Site "Chess.com"]
[Date "2016.09.06"]
[Round "4"]
[White "Drags95"]
[Black "joppie2"]
[Result "0-1"]
[WhiteElo "2391"]
[BlackElo "2514"]
[TimeControl "180+2"]
[EndTime "11:48:49 PDT"]
[Termination "joppie2 won by resignation"]

1. d4 Nf6 2. c4 c6 3. e3 d5 4. Nf3 Bg4 5. h3 Bh5 6. g4 Bg6 7. Nc3 e6 8. Ne5 Nbd7 9. Nxg6 hxg6 10. cxd5 exd5 11. Bg2 Be7 12. Bd2 g5 13. Qc2 Nf8 14. O-O-O Ne6 15. Kb1 Qb6 16. Bc1 O-O-O 17. Qd3 Kb8 18. f4 Ka8 19. f5 Nc7 20. Bd2 Nce8 21. Na4 Qc7 22. Rc1 Nd6 23. Nc5 Nc4 24. b3 Nxd2+ 25.
Qxd2 Bxc5 26. Rxc5 Rde8 27. Rhc1 Qd6 28. b4 Nd7 29. R5c2 Nb6 30. Bf1 a6 31. Bxa6 Rxh3 32. b5 Nc4 33. Rxc4 dxc4 34. Qa5 bxa6 35. Qxa6+ Kb8 36.
Rxc4 Rh1+ 37. Kb2 Rh2+ 38. Kb1 Re7 39. Rxc6 Qb4+ 0-1

[Event "*** Titled Tuesday 3|2 Blitz"]
[Site "Chess.com"]
[Date "2016.09.06"]
[Round "4"]
[White "ftorodent"]
[Black "DeviatkinAndrey"]
[Result "0-1"]
[WhiteElo "2472"]
[BlackElo "2607"]
[TimeControl "180+2"]
[EndTime "11:48:57 PDT"]
[Termination "DeviatkinAndrey won by resignation"]

1. d4 d5 2. Bf4 Nf6 3. e3 c5 4. c3 e6 5. Nd2 Bd6 6. Bxd6 Qxd6 7. f4 O-O 8. Bd3 b6 9. Qe2 a5 10. Ngf3 Ba6 11. Bxa6 Nxa6 12. Ne5 b5 13. O-O Rab8 14. f5 b4 15. fxe6 fxe6 16. c4 Nc7 17. Rad1 cxd4 18. exd4 dxc4 19. Ndxc4 Qd5 20. Qf3 Qxf3 21.
Rxf3 Nfd5 22. Rxf8+ Rxf8 23. Nxa5 Ne3 24. Rc1 Ncd5 25. Nac4 Nf4 26. Re1 Nexg2 27. Re4 g5 28. Ne3 Nh4 29. h3 Ne2+ 30. Kh2 Rf2+ 31. Kh1 Ng3+ 0-1

[Event "*** Titled Tuesday 3|2 Blitz"]
[Site "Chess.com"]
[Date "2016.09.06"]
[Round "4"]
[White "Saitama_Hero"]
[Black "Baggio95"]
[Result "0-1"]
[WhiteElo "2260"]
[BlackElo "2347"]
[TimeControl "180+2"]
[EndTime "11:49:18 PDT"]
[Termination "Baggio95 won by checkmate"]

1. d4 Nf6 2. Nf3 g6 3. Bg5 Bg7 4. Nbd2 d5 5. Bxf6 Bxf6 6. e4 dxe4 7. Nxe4 Bg7 8. Bc4 O-O 9. c3 Nd7 10. h4 Nf6 11. Neg5 h6 12. h5 hxg5 13. hxg6 e6 14.
gxf7+ Rxf7 15. Nxg5 Re7 16. Qd3 b5 17. Bb3 c5 18. Bc2 c4 19. Qh3 e5 20. Bh7+ Kf8 21.
Bf5 exd4+ 22. Kf1 Bxf5 23. Qxf5 Kg8 24. Re1 Rxe1+ 25. Kxe1 Qd5 26. Qg6 Re8+ 27. Kf1 dxc3 28. Nh7 Qd1# 0-1

[Event "*** Titled Tuesday 3|2 Blitz"]
[Site "Chess.com"]
[Date "2016.09.06"]
[Round "4"]
[White "Polemistis"]
[Black "WinnieTPooh"]
[Result "0-1"]
[WhiteElo "1789"]
[BlackElo "1834"]
[TimeControl "180+2"]
[EndTime "11:49:30 PDT"]
[Termination "WinnieTPooh won by checkmate"]

1. d4 Nf6 2. c4 e6 3. Nf3 c5 4. d5 exd5 5. cxd5 d6 6. Nc3 a6 7.
a4 g6 8. g3 Bg7 9. Bg2 O-O 10.
O-O Re8 11. Bf4 Ne4 12. Nxe4 Rxe4 13. Nd2 Rb4 14. Ra2 Bxb2 15. Qc2 Bg7 16. Nc4 Bf8 17. Bd2 Nd7 18. Bxb4 cxb4 19. a5 Nc5 20. Rb2 b3 21. Qd2 Bg7 22. Rbb1 Bf5 23. Nb6 Bxb1 24. Rxb1 Rb8 25.
Qb4 Qe7 26. e3 Qe5 27. Na4 Nxa4 28. Qxa4 b2 29. Qb3 Qc3 30. Qxc3 Bxc3 31. Kf1 b5 32. axb6 Rxb6 33. Ke2 a5 34. Kd3 Bg7 35. Bf3 a4 36. Kc2 a3 37. Be2 a2 38. Bc4 a1=Q 39. Rxa1 bxa1=Q 40. Kd3 Qa3+ 41. Ke4 f5+ 42. Kf3 Qc3 43. Be2 Rb2 44.
Bf1 Qd2 45. Be2 Qxe2+ 46. Kg2 Qxf2+ 47. Kh1 Qxh2# 0-1

[Event "*** Titled Tuesday 3|2 Blitz"]
[Site "Chess.com"]
[Date "2016.09.06"]
[Round "4"]
[White "Alexander_Moskalenko"]
[Black "pKiLz5Rn9b"]
[Result "1-0"]
[WhiteElo "2633"]
[BlackElo "2449"]
[TimeControl "180+2"]
[EndTime "11:49:37 PDT"]
[Termination "Alexander_Moskalenko won by resignation"]

1. Nf3 Nf6 2. g3 e6 3. c4 d5 4. Bg2 Be7 5. d4 O-O 6. O-O b6 7. Nc3 Bb7 8. Ne5 Na6 9. Bg5 Ne4 10. Bxe7 Qxe7 11. cxd5 exd5 12. Rc1 c5 13. e3 Rfd8 14. Re1 Rac8 15. Qa4 Nxc3 16. bxc3 Qc7 17. Bf1 c4 18.
Bh3 Ra8 19. Qc2 Qd6 20. a4 Nc7 21. Bg2 a6 22. Nxc4 dxc4 23. Bxb7 Rab8 24. Bg2 b5 25. axb5 axb5 26. e4 b4 27. cxb4 Rxb4 28. d5 Qc5 29. Qc3 Nb5 30. Qe3 Nd4 31. Red1 c3 32. Bf1 Rc8 33. Kg2 f5 34. Bd3 c2 35. Rd2 Rb3 36.
exf5 Qc3 37. Rcxc2 Nxc2 38. Rxc2 Qxc2 39. Qe6+ Kf8 40. Bxc2 Rxc2 41. f6 gxf6 42. Qxf6+ Ke8 43. Qh8+ 1-0

[Event "*** Titled Tuesday 3|2 Blitz"]
[Site "Chess.com"]
[Date "2016.09.06"]
[Round "4"]
[White "SCIM"]
[Black "AlexanderL"]
[Result "0-1"]
[WhiteElo "2254"]
[BlackElo "2518"]
[TimeControl "180+2"]
[EndTime "11:49:38 PDT"]
[Termination "AlexanderL won by resignation"]

1. d4 Nf6 2. c4 e6 3. g3 d5 4. Nf3 Bb4+ 5. Bd2 Bd6 6. Bg2 O-O 7. O-O c6 8. Nc3 dxc4 9. e4 Be7 10. a4 b6 11. Qe2 Ba6 12. Rad1 Qc8 13. h4 Rd8 14.
Rfe1 Nbd7 15. Bg5 h6 16. Bf4 Nf8 17. Ne5 b5 18. axb5 cxb5 19. d5 b4 20. Na4 Bb5 21. b3 Qa6 22. Nxc4 Ng6 23. Bc7 Rd7 24. d6 Rxc7 25.
dxc7 Rc8 26. e5 Nd7 27. Ra1 Bxc4 28. bxc4 Rxc7 29. Nc5 Qc8 30. Nxd7 Rxd7 31. h5 Nf8 32. Red1 Bc5 33. Rxd7 Qxd7 34. Rd1 Qc7 35. Qe4 a5 36. Ra1 b3 37. Kf1 Qb6 38. Qc6 Qb4 39. Qa4 b2 0-1

[Event "*** Titled Tuesday 3|2 Blitz"]
[Site "Chess.com"]
[Date "2016.09.06"]
[Round "4"]
[White "Misha_Bilous"]
[Black "wonderfultime"]
[Result "0-1"]
[WhiteElo "2366"]
[BlackElo "2659"]
[TimeControl "180+2"]
[EndTime "11:49:51 PDT"]
[Termination "wonderfultime won on time"]

1. d4 d5 2. c4 c6 3. Nf3 Nf6 4.
e3 Bf5 5. Bd3 Bg6 6. O-O e6 7.
Bxg6 hxg6 8. b3 Nbd7 9. Nbd2 Bd6 10. h3 Qe7 11. Bb2 Ne4 12. Nxe4 dxe4 13. Ne5 Bxe5 14. dxe5 Qg5 15. Qd4 Rxh3 16. Qxe4 O-O-O 17. f4 Qg4 18. Rf3 Nc5 19. Qc2 Rxf3 20. Bd4 Nd7 21. Bxa7 Rh8 22. Qe2 Rg3 23. Qxg4 Rxg4 24. Rd1 g5 25. Rd4 gxf4 26. exf4 g5 0-1

[Event "*** Titled Tuesday 3|2 Blitz"]
[Site "Chess.com"]
[Date "2016.09.06"]
[Round "4"]
[White "talaicito"]
[Black "usbista"]
[Result "1-0"]
[WhiteElo "1984"]
[BlackElo "2076"]
[TimeControl "180+2"]
[EndTime "11:49:53 PDT"]
[Termination "talaicito won on time"]

1. e4 c5 2. Nf3 e6 3. d4 cxd4 4.
Nxd4 Nc6 5. g3 Qc7 6. Nb3 a6 7. Bg2 Nge7 8. Bf4 e5 9. Be3 h5 10. h4 d6 11. O-O Bg4 12. Qd2 Be6 13. Nc3 f5 14. Rad1 Rd8 15. Rfe1 fxe4 16. Nxe4 Nf5 17.
Ng5 Bxb3 18. axb3 Nxe3 19. Qxe3 Qe7 20. Bd5 Qf6 21. Nf7 Rh6 22. Nxd8 Qxd8 23. Bxc6+ bxc6 24. f4 1-0

[Event "*** Titled Tuesday 3|2 Blitz"]
[Site "Chess.com"]
[Date "2016.09.06"]
[Round "4"]
[White "andretta"]
[Black "popov_m"]
[Result "0-1"]
[WhiteElo "2258"]
[BlackElo "2160"]
[TimeControl "180+2"]
[EndTime "11:49:56 PDT"]
[Termination "popov_m won by resignation"]

1. b3 e5 2. Bb2 Nc6 3. e3 d5 4.
Bb5 Bd6 5. f4 f6 6. fxe5 fxe5 7.
Nf3 e4 8. Bxg7 exf3 9. Qxf3 Qg5 10. Bxh8 Bg4 11. Bxc6+ bxc6 12. Qf2 O-O-O 13. O-O Rf8 14.
Qe1 Bf3 15. Qf2 Nh6 16. h3 Bg3 17. Qxf3 Rxf3 18. Rxf3 Nf5 19. Kf1 Nh4 20. Bf6 Qg6 21.
Bxh4 Bxh4 22. Nc3 Qxc2 23. Ke2 Be7 24. Raf1 Bb4 25. Nb1 Qxa2 26. g4 a5 27. h4 Qxb3 28. g5 Qc4+ 29. Ke1 Qxh4+ 30. Kd1 Qxg5 31. Nc3 Bxc3 32. dxc3 Qe5 33. Kc2 h5 34. Rg1 Qe4+ 0-1

[Event "*** Titled Tuesday 3|2 Blitz"]
[Site "Chess.com"]
[Date "2016.09.06"]
[Round "4"]
[White "dretch"]
[Black "Iuri_Shkuro"]
[Result "1-0"]
[WhiteElo "2628"]
[BlackElo "2485"]
[TimeControl "180+2"]
[EndTime "11:50:01 PDT"]
[Termination "dretch won on time"]

1. d4 Nc6 2. e4 d5 3. Nc3 e5 4. Bb5 dxe4 5. d5 a6 6. Ba4 b5 7.
Nxb5 axb5 8. Bxb5 Ne7 9. Bg5 Qd6 10. Bxe7 Kxe7 11. Bxc6 Rb8 12. Ne2 Rxb2 13. O-O f5 14. Qc1 Rb8 15. a4 Ba6 16. c4 Kf6 17. Bb5 Ra8 18. f4 Qc5+ 19. Kh1 Bd6 20. Qc3 Bxb5 21. axb5 g6 22. Ra6 Rxa6 23. bxa6 Ra8 24. g4 Rxa6 25. gxf5 Ra3 26. fxe5+ Kg7 27. f6+ Kf8 28. Qc1 Qe3 29. Qxe3 Rxe3 30. exd6 cxd6 31. Nf4 Kf7 32. Ne6 h6 33.
Nd8+ Kf8 34. f7 1-0

[Event "*** Titled Tuesday 3|2 Blitz"]
[Site "Chess.com"]
[Date "2016.09.06"]
[Round "4"]
[White "Mornar1951"]
[Black "Krutoy123"]
[Result "0-1"]
[WhiteElo "2535"]
[BlackElo "2401"]
[TimeControl "180+2"]
[EndTime "11:50:01 PDT"]
[Termination "Krutoy123 won on time"]

1. Nf3 Nf6 2. c4 g6 3. Nc3 Bg7 4. e4 O-O 5. d4 d6 6. Be2 e5 7. O-O Nbd7 8. Be3 Re8 9. d5 Nh5 10. g3 Bf8 11. Ne1 Ng7 12. Nd3 f5 13. Qd2 Be7 14. f3 Nf6 15. c5 fxe4 16. fxe4 Bh3 17. Rf3 Ng4 18. Nf2 Nxe3 19. Nxh3 Ng4 20. Raf1 h5 21. Rf7 Bf6 22. Bxg4 Kxf7 23. Ng5+ Ke7 24. Nh7 Rf8 25. Nxf8 Kxf8 26. Qg5 Kf7 27. Be6+ Nxe6 28. dxe6+ Kg7 29. Qe3 c6 30. Rd1 Bg5 31. Qf3 Qf6 32. Qxf6+ Kxf6 33. Rxd6 Be3+ 34. Kg2 Bxc5 35. Rd7 Rb8 36.
Na4 Be7 0-1

[Event "*** Titled Tuesday 3|2 Blitz"]
[Site "Chess.com"]
[Date "2016.09.06"]
[Round "4"]
[White "Yaacovn"]
[Black "ChessWarrior7197"]
[Result "1-0"]
[WhiteElo "2658"]
[BlackElo "2481"]
[TimeControl "180+2"]
[EndTime "11:50:10 PDT"]
[Termination "Yaacovn won by resignation"]

1. d4 Nf6 2. Nf3 e6 3. e3 d5 4. Bd3 Nbd7 5. Nbd2 c5 6. c3 Bd6 7. O-O O-O 8. e4 dxe4 9. Nxe4 Nxe4 10. Bxe4 h6 11. Be3 cxd4 12. Qxd4 Nf6 13. Bc2 Bc7 14. Rad1 Qxd4 15. Nxd4 Bd7 16. Nb3 b6 17. Nd4 Rfd8 18. Bd3 Nd5 19. Bc1 Bf4 20. Bxf4 Nxf4 21. Be4 Rac8 22.
g3 Nh3+ 23. Kg2 Ng5 24. Bb7 Rb8 25. Bc6 Kf8 26. Bxd7 Rxd7 27. h4 Ne4 28. Nxe6+ Ke7 29. Nxg7 Rxd1 30. Rxd1 Kf6 31. Nh5+ Kg6 32. Nf4+ Kf6 33.
Rd4 Nc5 34. Rd6+ Kg7 35. Nh5+ Kh7 36. Rc6 Na4 37. b3 Nb2 38. Rd6 b5 39. Rd2 Na4 40.
bxa4 bxa4 41. Nf4 Rb5 42. c4 Rb4 43. Rc2 a3 44. Nd3 Rb7 45. c5 Kg7 46. c6 Rc7 47. Nb4 Kf6 48. Nd5+ Ke5 49. Nxc7 Kd4 50. Nb5+ Kd3 51.
Rc5 a6 52. c7 axb5 53. c8=Q Kd4 54. Qc7 b4 55. Qe5+ Kd3 56. Qd5+ Ke2 1-0

[Event "*** Titled Tuesday 3|2 Blitz"]
[Site "Chess.com"]
[Date "2016.09.06"]
[Round "4"]
[White "Jahonas"]
[Black "pedromartinez91"]
[Result "1-0"]
[WhiteElo "2195"]
[BlackElo "2380"]
[TimeControl "180+2"]
[EndTime "11:50:18 PDT"]
[Termination "Jahonas won by checkmate"]

1. d4 d5 2. Nf3 Nc6 3. c3 Bg4 4. Bf4 Bxf3 5. exf3 e6 6. Bb5 Bd6 7. Bxd6 cxd6 8. O-O Ne7 9. Re1 O-O 10. Nd2 Qb6 11.
Bxc6 bxc6 12. Rb1 Qa6 13. a3 Rab8 14. f4 c5 15. Nf3 Rfc8 16. dxc5 dxc5 17. Ne5 Rb7 18.
Qh5 g6 19. Qh4 f5 20. Nf3 Rc6 21. Ng5 Nc8 22. b4 cxb4 23. axb4 Qb6 24. Re3 d4 25. cxd4 Qxb4 26. Rbe1 Qxd4 27. Nxe6 Qd7 28. Nd8 Nd6 29. Nxc6 Qxc6 30. h3 Ne4 31. Qd8+ Kg7 32. Qd4+ Kh6 33.
f3 Ng3 34. Kh2 Nh5 35. g4 fxg4 36. hxg4 Ng7 37. Kg3 g5 38. Rh1+ Kg6 39. f5+ Kf7 40. Rxh7 Qc7+ 41. Qe5 Qxe5+ 42. Rxe5 Kf6 43. Ra5 Kf7 44.
Ra6 Kg8 45. Rhh6 Ne8 46. Rhg6+ Kf7 47. Rxg5 Nf6 48. Rg6 Nd5 49. Rh6 Rb1 50. Rxa7+ Kg8 51. Rg6+ Kf8 52. Rd6 Rb5 53. Rd8# 1-0

[Event "*** Titled Tuesday 3|2 Blitz"]
[Site "Chess.com"]
[Date "2016.09.06"]
[Round "4"]
[White "IamSchrodingersCat"]
[Black "Maitreia"]
[Result "1-0"]
[WhiteElo "2275"]
[BlackElo "2398"]
[TimeControl "180+2"]
[EndTime "11:50:22 PDT"]
[Termination "IamSchrodingersCat won by resignation"]

1. e4 c5 2. Nf3 g6 3. d4 cxd4 4. Nxd4 Bg7 5. Nc3 Nc6 6. Be3 Nf6 7. Nxc6 bxc6 8. e5 Ng8 9. Bd4 Nh6 10. e6 O-O 11. Bxg7 Kxg7 12. exd7 Qxd7 13. Qxd7 Bxd7 14.
O-O-O Be6 15. h3 Nf5 16. Bd3 Nh4 17. g3 Nf3 18. Be4 Ng5 19. Bxc6 Rab8 20. h4 Nh3 21. Rh2 g5 22. hxg5 Nxg5 23. f4 Nh3 24. Rdh1 h6 25.
f5 Bxf5 26. g4 Bxg4 27. Rg2 f5 28. Rxh3 Kg6 29. Re3 Rf6 30. Bf3 h5 31. Rxe7 a5 32. Nd5 Rf7 33. Rxf7 Kxf7 34. Bxg4 hxg4 35. c4 Rc8 36. b3 Ke6 37. Kc2 Ke5 38. Kd3 Rg8 39. Re2+ Kd6 40. Kd4 Rh8 41. c5+ Kc6 42. Re6+ Kd7 43.
Rd6+ Ke8 44. c6 Kf7 45. c7 g3 46. Rf6+ Kg7 47. Rxf5 Kg6 48. Rf3 1-0

[Event "*** Titled Tuesday 3|2 Blitz"]
[Site "Chess.com"]
[Date "2016.09.06"]
[Round "4"]
[White "goingin33"]
[Black "ruifeng"]
[Result "0-1"]
[WhiteElo "2138"]
[BlackElo "2343"]
[TimeControl "180+2"]
[EndTime "11:50:31 PDT"]
[Termination "ruifeng won by resignation"]

1. e4 e5 2. Nf3 Nc6 3. Nc3 Nf6 4. Bb5 d6 5. d4 exd4 6. Nxd4 Bd7 7. Bxc6 bxc6 8.
O-O Be7 9. Re1 O-O 10. h3 c5 11.
Nde2 Re8 12. Nf4 Bf8 13. Nfd5 c6 14. Nxf6+ Qxf6 15. Be3 Rad8 16. Qd2 h6 17. Rad1 Be6 18. b3 d5 19. exd5 cxd5 20. Na4 d4 21. Bf4 Qg6 22. Kh2 Bf5 23. c3 Be4 24. f3 Bc6 25. cxd4 Rxd4 26. Qf2 Rxf4 27. Rxe8 Bxe8 28. Rd8 Bxa4 29. Qxc5 Qf6 30.
Rxf8+ Kh7 31. bxa4 a6 32. Rc8 Rf5 33. Qc2 g6 34.
Rc6 Qe5+ 35. Kg1 Qe3+ 36. Qf2 Qd3 37. Qb2 Rd5 38. Rc8 Qe3+ 39. Kh2 Qf4+ 40. g3 Rd2+ 41. Kh1 Qxf3+ 0-1

[Event "*** Titled Tuesday 3|2 Blitz"]
[Site "Chess.com"]
[Date "2016.09.06"]
[Round "4"]
[White "RodinMihail"]
[Black "GianmarcoVaR"]
[Result "1-0"]
[WhiteElo "2334"]
[BlackElo "2391"]
[TimeControl "180+2"]
[EndTime "11:50:41 PDT"]
[Termination "RodinMihail won by resignation"]

1. e4 c6 2. d4 d5 3. e5 Bf5 4.
Nc3 h5 5. Bd3 Bxd3 6. Qxd3 e6 7.
Nf3 Qb6 8. O-O Ne7 9. Ne2 Nd7 10. b3 c5 11. c4 Rc8 12. Bg5 dxc4 13. bxc4 cxd4 14.
Nexd4 Ng6 15. Rab1 Qa6 16. Qe4 Nc5 17. Qe2 Nd7 18.
Qe4 Nc5 19. Qe2 b6 20. Rfd1 Qb7 21. Nb5 h4 22. h3 Rh5 23. Rd4 a6 24. Nd6+ Bxd6 25.
exd6 Nd7 26. a4 Rc5 27. Bxh4 Qc6 28. Bg3 Qxa4 29. Rg4 Rh6 30. Nd4 Qxc4 31. Qe4 f5 32.
Nxf5 Qxe4 33. Nxg7+ Kf7 34. Rxe4 Kxg7 35. Rxe6 Kf7 36.
Rbe1 Kg8 37. Bf4 Nxf4 38. Rxh6 Rg5 39. g3 Ng6 40. h4 Rg4 41. Rh5 Kf7 42. Kh2 Rd4 43.
Rh7+ Kf6 44. Rxd7 Ne5 45. Rxe5 Kxe5 46. h5 Ke6 47. Rd8 Rd5 48. g4 Rg5 49. Kg3 a5 50. f4 Rg8 51. f5+ Kf7 52. Rxg8 Kxg8 53. d7 1-0

[Event "*** Titled Tuesday 3|2 Blitz"]
[Site "Chess.com"]
[Date "2016.09.06"]
[Round "4"]
[White "DanielNaroditsky"]
[Black "LuckyTiger"]
[Result "1-0"]
[WhiteElo "2769"]
[BlackElo "2563"]
[TimeControl "180+2"]
[EndTime "11:50:43 PDT"]
[Termination "DanielNaroditsky won by resignation"]

1. d4 Nf6 2. Bf4 d5 3. e3 c5 4. dxc5 Nc6 5. Bb5 Qa5+ 6. Nc3 e6 7. Qd4 Bd7 8. Bxc6 Bxc6 9. b4 Qa3 10. Bd6 Bxd6 11. cxd6 Qb2 12. Rb1 Qxc2 13. b5 Bd7 14. Nge2 O-O 15. O-O Rfc8 16. Rfc1 Qf5 17. Ng3 Qg4 18.
f4 Rc4 19. Qd2 Rac8 20. Nce2 h5 21. Rxc4 Rxc4 22. Nd4 h4 23. Nf1 Ne4 24. Qb2 Nxd6 25. Nf3 f6 26. h3 Qh5 27. N1d2 Rc8 28. b6 axb6 29. Qxb6 Rc6 30. Qb4 b5 31. Nd4 Rb6 32. Qc5 Nc8 33. f5 Qe8 34. fxe6 Bxe6 35. Rxb5 Rxb5 36.
Nxb5 Bf7 37. a4 f5 38. Nf3 Kh8 39. Kf2 Bh5 40. Qxd5 Nb6 41. Qd4 Kg8 42. Qxb6 1-0

[Event "*** Titled Tuesday 3|2 Blitz"]
[Site "Chess.com"]
[Date "2016.09.06"]
[Round "4"]
[White "GMKrikor"]
[Black "Lapitch"]
[Result "0-1"]
[WhiteElo "2503"]
[BlackElo "2550"]
[TimeControl "180+2"]
[EndTime "11:50:44 PDT"]
[Termination "Lapitch won by resignation"]

1. e4 c5 2. Nf3 d6 3. c3 f6 4. h3 g6 5. d4 Nd7 6. Bc4 Nb6 7. Bb3 cxd4 8. cxd4 Bg7 9. Nc3 Nh6 10.
a4 a5 11. Be3 Nf7 12. h4 h5 13. Rc1 O-O 14. d5 Bg4 15. Qd2 Rc8 16. Nd4 Nc4 17. Bxc4 Rxc4 18. f3 Bd7 19. b3 Rc8 20. Ne6 Bxe6 21.
dxe6 Ne5 22. O-O Rc6 23. Nd5 Re8 24. Bd4 Qc8 25. f4 Ng4 26. f5 Bh6 27. Nf4 gxf5 28. exf5 Kh7 29. g3 Rg8 30. Rxc6 Qxc6 31. Qe2 Bxf4 32.
Rxf4 Rc8 33. Qc4 Qxc4 34. bxc4 Rxc4 35. Bb6 Rxf4 36. gxf4 Nh6 37. Kg2 Nxf5 38. Kh3 Kg8 39. Bxa5 Nd4 40. Bd2 f5 41. Kg2 Nxe6 42. Be3 Kf7 43.
Kf3 Ke8 44. Ke2 Kd7 45. Kd3 Kc6 46. Kc4 Nf8 47. Bf2 Nd7 48. Kd4 Nc5 0-1

[Event "*** Titled Tuesday 3|2 Blitz"]
[Site "Chess.com"]
[Date "2016.09.06"]
[Round "4"]
[White "Abdodi"]
[Black "Ksenia_Legenko"]
[Result "1-0"]
[WhiteElo "1955"]
[BlackElo "2014"]
[TimeControl "180+2"]
[EndTime "11:50:44 PDT"]
[Termination "Abdodi won on time"]

1. d4 d5 2. Nf3 Nf6 3. c4 dxc4 4. e3 e6 5. Bxc4 a6 6. O-O b5 7. Be2 Bb7 8. Nbd2 Nbd7 9. b3 c5 10. Bb2 Be7 11. Rc1 Rc8 12. Re1 O-O 13. Nf1 cxd4 14.
Qxd4 Bc5 15. Qh4 Ne4 16. Red1 Qxh4 17. Nxh4 Ndf6 18. f3 Ng5 19. Bxf6 gxf6 20. Kf2 e5 21. Nf5 Ne6 22. N1g3 Rcd8 23. Nh5 Rxd1 24. Rxd1 Rd8 25.
Nxf6+ Kh8 26. Rxd8+ Nxd8 27. Nd7 Ba3 28. Nxe5 Kg8 29.
Ng4 Kf8 30. Nf6 h5 31. Nxh5 Ne6 32. Nf4 Nc7 33. h4 Bc8 34. g4 Kg8 35. Nh6+ Kf8 36. g5 1-0

[Event "*** Titled Tuesday 3|2 Blitz"]
[Site "Chess.com"]
[Date "2016.09.06"]
[Round "4"]
[White "maciek_92"]
[Black "Gabrielian_Artur"]
[Result "1-0"]
[WhiteElo "2526"]
[BlackElo "2502"]
[TimeControl "180+2"]
[EndTime "11:50:48 PDT"]
[Termination "maciek_92 won by resignation"]

1. c4 Nf6 2. g3 g6 3. Bg2 Bg7 4. Nc3 O-O 5. d4 d6 6. Nf3 Nbd7 7. O-O e5 8. e4 exd4 9. Nxd4 Re8 10. Re1 Nc5 11.
h3 Bd7 12. b3 h6 13. Bb2 Qc8 14. Kh2 Ne6 15. Nxe6 Bxe6 16. Qd2 h5 17. Nd5 Bxd5 18. cxd5 Qd8 19. f4 Nd7 20. Bxg7 Kxg7 21. Rac1 Kg8 22.
Rc2 a5 23. a3 Nc5 24. b4 axb4 25. axb4 Nd7 26. Rec1 Rc8 27. Qd4 h4 28. Rc3 hxg3+ 29. Rxg3 Qf6 30. Qd2 c6 31. dxc6 bxc6 32. Rd1 d5 33. e5 Qe7 34. b5 cxb5 35. Bxd5 Kg7 36. e6 fxe6 37. Be4 Nf8 38. Rdg1 Qf6 39. Bxg6 Nxg6 40.
Qd3 Kh8 41. Rxg6 Qxf4+ 42. Kh1 Rg8 43. Qd4+ 1-0

[Event "*** Titled Tuesday 3|2 Blitz"]
[Site "Chess.com"]
[Date "2016.09.06"]
[Round "4"]
[White "Colombiano07"]
[Black "nonscitis"]
[Result "0-1"]
[WhiteElo "2218"]
[BlackElo "2351"]
[TimeControl "180+2"]
[EndTime "11:50:48 PDT"]
[Termination "nonscitis won by checkmate"]

1. Nf3 Nf6 2. b3 g6 3. Bb2 Bg7 4. g3 O-O 5. Bg2 b6 6. O-O Bb7 7. c4 c5 8. e3 d5 9. d3 Na6 10. Nbd2 Nc7 11. Qe2 Ne6 12. Rad1 Ne8 13. Bxg7 N8xg7 14. Ne5 Qd6 15. f4 Rab8 16. e4 Nd4 17. Qg4 f6 18. Nef3 f5 19. Qh4 fxe4 20. dxe4 dxe4 21. Ng5 h5 22. Ndxe4 Qc7 23. Qh3 Bc8 24. f5 Bxf5 25.
Rxf5 Ndxf5 26. Re1 Rbd8 27. Nc3 e6 28. Nxe6 Nxe6 29.
Rxe6 Qf7 30. Bd5 Kg7 31. Ne4 Ne7 32. Re5 Nxd5 33. cxd5 Rxd5 34. Rxd5 Qxd5 35. Qh4 Qd1+ 36. Kg2 Qf1# 0-1

[Event "*** Titled Tuesday 3|2 Blitz"]
[Site "Chess.com"]
[Date "2016.09.06"]
[Round "4"]
[White "petrpalachev"]
[Black "mwpchess"]
[Result "1/2-1/2"]
[WhiteElo "2415"]
[BlackElo "2441"]
[TimeControl "180+2"]
[EndTime "11:51:04 PDT"]
[Termination "Game drawn by agreement"]

1. Nf3 Nf6 2. d4 e6 3. c4 d5 4. Nc3 dxc4 5. e4 Bb4 6. Bxc4 Nxe4 7. O-O Nxc3 8. bxc3 Be7 9. Ne5 O-O 10. Re1 Nc6 11.
Qg4 f5 12. Qf3 Nxe5 13. Rxe5 Kh8 14. Bf4 Bd6 15. Rae1 g5 16. Bd2 Bxe5 17. Rxe5 Qf6 18. h4 g4 19. Qg3 Bd7 20. Bf4 Kg8 21. d5 Rae8 22. Qe3 exd5 23. Bxd5+ Kg7 24. Bxb7 Kg6 25.
Qd4 Rxe5 26. Bxe5 Qe7 27. Bxc7 Bc6 28. Bd6 Qxb7 29. Bxf8 Bxg2 30. Qd6+ Kf7 31. Bh6 Bh3 32. Qf8+ Kg6 33. Qg8+ Kf6 34. Bg5+ Ke5 35. Qe8+ Kd5 36. Qe3 Qb1+ 37. Kh2 Qe4 38. Qxe4+ Kxe4 39. Kg3 Bf1 40. Bf6 h5 41. a4 f4+ 42. Kh2 a6 43. a5 Bc4 44.
Bd4 Kf3 45. Kg1 g3 46. Bb6 g2 1/2-1/2

[Event "*** Titled Tuesday 3|2 Blitz"]
[Site "Chess.com"]
[Date "2016.09.06"]
[Round "4"]
[White "FairChess_on_YouTube"]
[Black "ilya261991"]
[Result "0-1"]
[WhiteElo "2692"]
[BlackElo "2476"]
[TimeControl "180+2"]
[EndTime "11:51:05 PDT"]
[Termination "ilya261991 won by resignation"]

1. e4 c5 2. Nf3 d6 3. d4 Nf6 4. Bb5+ Nbd7 5. O-O cxd4 6. Qxd4 e5 7. Qd3 h6 8. Nc3 Be7 9. Be3 O-O 10. a4 a6 11.
Bc4 Qc7 12. Nd2 Nc5 13. Qe2 Be6 14. Bxe6 Nxe6 15. a5 Rac8 16. Ra4 Nd4 17. Qd3 Nb5 18. Nxb5 axb5 19. Qxb5 Qxc2 20. Rfa1 Ng4 21. Nf1 Bg5 22. Ba7 Rc5 23. Bxc5 dxc5 24. h3 Qxf2+ 25. Kh1 Be3 26. Nxe3 Nxe3 27. Rg1 Rd8 28. Raa1 Rd2 29. Qxc5 Qg3 30.
Ra3 Rxg2 31. Qc8+ Kh7 32. Qf5+ Nxf5 33. Rxg3 Rxg3 34. exf5 Rxh3+ 35. Kg2 Rb3 36. Rc1 Rxb2+ 37. Kf3 Rb5 38. Rc7 f6 39. Ke4 Rxa5 40. Rxb7 h5 41. Rb8 h4 42. Kf3 Ra4 43. Rb1 Rf4+ 44. Kg2 Rxf5 45. Kh3 Rf4 46. Rg1 g5 47. Rb1 Kg6 48. Rb8 Rf3+ 49. Kg2 Rg3+ 50. Kh2 Ra3 51. Rb5 g4 52.
Rb8 Ra2+ 53. Kg1 h3 54. Rg8+ Kf5 55. Kh1 Kf4 56. Kg1 f5 57. Kf1 h2 58. Rh8 h1=Q+ 59.
Rxh1 Ra1+ 60. Kg2 Rxh1 61. Kxh1 Ke3 62. Kg2 e4 63. Kg3 f4+ 64. Kxg4 f3 0-1

[Event "*** Titled Tuesday 3|2 Blitz"]
[Site "Chess.com"]
[Date "2016.09.06"]
[Round "4"]
[White "CraiggoryC"]
[Black "GremioPrudente"]
[Result "1-0"]
[WhiteElo "2020"]
[BlackElo "2014"]
[TimeControl "180+2"]
[EndTime "11:51:14 PDT"]
[Termination "CraiggoryC won on time"]

1. e4 e6 2. d4 d5 3. Nd2 Nf6 4. e5 Nfd7 5. c3 c5 6. Ngf3 Nc6 7. Bd3 Be7 8. O-O O-O 9. Re1 cxd4 10. cxd4 Qb6 11. Nf1 f5 12. exf6 Nxf6 13. a3 a5 14.
b3 Bd7 15. Bb2 Rae8 16. Ng3 Bd6 17. Bc2 g6 18. Ne5 Qc7 19. Rc1 Qb8 20. Qd2 Bxe5 21. dxe5 Ng4 22. Re2 Ngxe5 23. Rce1 Nf7 24. h4 Qd6 25. h5 e5 26. hxg6 hxg6 27. b4 axb4 28. axb4 e4 29. b5 Nce5 30. Qc3 Rc8 31. Qb3 Nc4 32. Bxe4 Nxb2 33. Bxd5 Qf6 34. Ne4 Qc3 35. Nxc3 Nd3 36. Ne4 Nxe1 37. Nf6+ Kg7 38. Nxd7 Rfd8 39.
Qb2+ Kg8 40. Qf6 Rxd7 41. Qxg6+ Kf8 42. Bxf7 Rxf7 43. Qh6+ Kg8 44. Rxe1 Rcf8 45. Qg5+ Kh7 46. Re3 Rf3 47. Rxf3 1-0

[Event "*** Titled Tuesday 3|2 Blitz"]
[Site "Chess.com"]
[Date "2016.09.06"]
[Round "4"]
[White "Aygehovit1992"]
[Black "NTBT_DHS"]
[Result "0-1"]
[WhiteElo "2404"]
[BlackElo "2535"]
[TimeControl "180+2"]
[EndTime "11:51:15 PDT"]
[Termination "NTBT_DHS won by resignation"]

1. e4 g6 2. d4 Bg7 3. Nc3 a6 4. a4 d6 5. Nf3 Nf6 6. Be2 O-O 7. O-O Bg4 8. a5 Nfd7 9. Be3 Nc6 10. d5 Bxf3 11. Bxf3 Nce5 12. Be2 Nf6 13. f4 Ned7 14. Bd4 c5 15. dxc6 bxc6 16. e5 dxe5 17. fxe5 Nd5 18. e6 fxe6 19. Bxg7 Kxg7 20. Qd4+ e5 21. Qe4 Nxc3 22.
bxc3 Qc7 23. Rxf8 Rxf8 24. Bf3 Rf6 25. Qc4 Qa7+ 26. Kh1 Qc5 27. Qxa6 Qxc3 28. Rd1 Nc5 29. Qe2 e4 30. Bg4 h5 31. Bc8 Qxa5 32. h3 Qc3 33. Bd7 e3 34. Be8 Rf2 35. Qe1 Qe5 36. Rb1 Qe4 37.
Qg1 Ne6 38. Re1 Nf4 39. Bxc6 Qxc6 40. Rxe3 Rxg2 41. Qa1+ Kf7 42. Rxe7+ Kxe7 43. Qg7+ Ke6 44. Qg8+ Ke5 45. Qb8+ Ke4 46. Qb4+ Kf3 47. Qb3+ Kf2 0-1